 Dungeon Crawl Stone Soup version 0.28-a0-1199-gef9e1dbd39 (webtiles) character file.

Game seed: 439392331184825457

32 bande the Covered (level 3, 0/24 HPs)
             Began as a Gargoyle Fighter on Dec 19, 2021.
             Slain by Ijyb (3 damage)
             ... on level 2 of the Dungeon.
             The game lasted 00:01:44 (1341 turns).

bande the Covered (Gargoyle Fighter)                Turns: 1341, Time: 00:01:44

Health: 0/24       AC: 11    Str: 19    XL:     3   Next: 27%
Magic:  3/3        EV:  9    Int:  8    God:
Gold:   34         SH:  4    Dex: 11    Spells: 2/2 levels left

rFire   + . .      SeeInvis .   a - +0 war axe
rCold   . . .      Faith    .   c - +0 buckler
rNeg    + . .      Spirit   .   b - +0 scale mail
rPois   ∞          Reflect  .   (no helmet)
rElec   +          Harm     .   i - +0 cloak
rCorr   .          Rampage  .   (no gloves)
Will    .....                   (no boots)
Stlth   ..........              (no amulet)
HPRegen 0.08/turn               f - ring of protection from fire
MPRegen 0.08/turn               (no ring)

@: no status effects
A: sickness immunity, AC +3, negative energy resistance 1, electricity
resistance, torment resistance 1, petrification resistance
a: no special abilities


You were on level 2 of the Dungeon.
You visited 1 branch of the dungeon, and saw 2 of its levels.

You collected 34 gold pieces.

Inventory:

Hand Weapons
 a - a +0 war axe (weapon)
Armour
 b - a +0 scale mail (worn)
 c - a +0 buckler (worn)
 i - a +0 cloak (worn)
Jewellery
 f - a ring of protection from fire (left hand)
Scrolls
 e - a scroll of identify {unknown}
Potions
 d - a potion of might
 g - a potion of degeneration {unknown}
 h - a potion of haste {unknown}
 j - a potion of cancellation {unknown}
 k - a potion of lignification {unknown}


   Skills:
 + Level 3.7 Fighting
 + Level 2.2 Axes
 + Level 3.7 Armour
 + Level 3.6 Shields


You had 2 spell levels left.
You didn't know any spells.
Your spell library contained the following spells:

 Spells                   Type           Power      Damage    Failure   Level
 Sandblast                Erth           0%         2d4       80%         1
 Passwall                 Tmut/Erth      0%         N/A       90%         2
 Stone Arrow              Conj/Erth      0%         3d7       99%         3


Dungeon Overview and Level Annotations

Branches:
Dungeon (2/15)

Altars:

Annotations:
D:2 Ijyb


Innate Abilities, Weirdness & Mutations

You are immune to sickness and miasma.
Your stone body is resilient. (AC +3)
You are immune to poison.
You resist negative energy. (rN+)
You are resistant to electric shocks. (rElec)
You are resistant to unholy torment.
You are immune to petrification.


Message History

Ijyb is moderately wounded.
Ijyb hits you with a +2 dagger of speed.
Ijyb hits you but does no damage.
You closely miss Ijyb.
Ijyb is moderately wounded.
Ijyb closely misses you. You block Ijyb's attack.
You hit Ijyb.
Ijyb is heavily wounded.
Ijyb hits you but does no damage. x2
You hit Ijyb.
Ijyb is heavily wounded.
Ijyb completely misses you. Ijyb hits you but does no damage.
You closely miss Ijyb.
Ijyb is heavily wounded.
Ijyb hits you with a +2 dagger of speed.
Ijyb misses you. You block Ijyb's attack.
You are too injured to fight recklessly!
You are too injured to fight recklessly!
You are too injured to fight recklessly!
You are too injured to fight recklessly!
You are too injured to fight recklessly!
You are too injured to fight recklessly!
You are too injured to fight recklessly!
You are too injured to fight recklessly!
You closely miss Ijyb.
Ijyb is heavily wounded.
You block Ijyb's attack.
Ijyb hits you with a +2 dagger of speed.
You barely miss Ijyb.
Ijyb is heavily wounded.
Ijyb screams, "Me stronger than you!" Ijyb closely misses you.
Ijyb hits you with a +2 dagger of speed.
* * * LOW HITPOINT WARNING * * *
You closely miss Ijyb.
Ijyb is heavily wounded.
Ijyb hits you with a +2 dagger of speed.
* * * LOW HITPOINT WARNING * * *
Ijyb hits you with a +2 dagger of speed.
You die...

.. . ..##########
'##.........#
.'.........+
#.........# #.........#
.#.##.........#+#######
....'.g@...............
.#.##..................
#..................
#.........#'######
#.........#.#
#.........#.########
.[....#+#............
#...#........########
..##.#[.########


You could see Ijyb.

Vanquished Creatures
  2 bats (D:1)
  6 endoplasms
  A giant cockroach (D:1)
  6 goblins
  2 hobgoblins (D:1)
  2 jackals (D:1)
  A kobold (D:1)
  A quokka (D:1)
  A frilled lizard (D:2)
  5 rats
27 creatures vanquished.

Notes
Turn   | Place    | Note
-------+----------+-------------------------------------------
     0 | D:1      | bande the Gargoyle Fighter began the quest for the Orb.
     0 | D:1      | Reached XP level 1. HP: 14/14 MP: 1/1
   183 | D:1      | Reached XP level 2. HP: 15/19 MP: 2/2
  1013 | D:2      | Noticed Ijyb
  1045 | D:2      | Reached XP level 3. HP: 23/23 MP: 3/3
  1341 | D:2      | Slain by Ijyb

Illustrated notes

Levels and vault maps discovered:
D:1:      onia_arrival_mini_maze, layout_basic, fountainhead
D:2:      kennysheep_the_goblin_king, layout_basic, serial_shops, shop

Skill      XL: |  1  2 |
---------------+-------+-----
Axes           | 2 |  2.2
Fighting       | |  3.7
Armour         | |  3.7
Shields        | |  3.6

Action                   || total
-------------------------++-------
Melee: War axe           ||    93
Armor: Scale mail        ||    61
Dodge: Dodged            ||    51
Block: Buckler           ||    17

Table legend: (Time is in decaauts)
 A = Elapsed time spent in this place.
 B = Non-inter-level travel time spent in this place.
 C = Inter-level travel time spent in this place.
 D = Time resting spent in this place.
 E = Time spent auto-exploring this place.
 F = Levels seen in this place.
 G = Mean time per level.
                   A        B        C        D        E       F      G
               +--------+--------+--------+--------+--------+-----+--------+
         Total |   1378 |   1378 |      0 |    199 |    882 |   2 |  689.0 |
       Dungeon |   1378 |   1378 |      0 |    199 |    882 |   2 |  689.0 |
               +--------+--------+--------+--------+--------+-----+--------+

Top non-repeatable levels by time:
     D:1: 994 daAuts
     D:2: 383 daAuts
